 Dungeon Crawl Stone Soup version 0.27-a0-1105-g946c659c87 (webtiles) character file.

Game seed: 18129541096669752085

476627 Lakar the Metallomancer (level 24, -3/149 HPs)
             Began as a Gargoyle Earth Elementalist on Apr 30, 2021.
             Was the Champion of Vehumet.
             Killed from afar by a tengu reaver (43 damage)
             ... with a bolt of cold
             ... on level 5 of the Vaults.
             The game lasted 02:33:28 (57885 turns).

Lakar the Metallomancer (GrEE)                     Turns: 57885, Time: 02:33:28

Health: -3/149     AC: 40    Str: 20    XL:     24   Next: 45%
Magic:  18/45      EV: 17    Int: 25    God:    Vehumet [******]
Gold:   4474       SH:  0    Dex: 14    Spells: 7/51 levels left

rFire    + . .     SeeInvis .   K - +6 eveningstar (flame)
rCold    . . .     Faith    .   (no shield)
rNeg     + . .     Spirit   .   a - +4 troll leather armour
rPois    ∞         Reflect  .   l - +2 helmet
rElec    +         Harm     .   x - +2 cloak {Stlth+}
rCorr    .         Rampage  .   n - +2 pair of gloves "Veush" {+Blink Str+5 Dex+4}
Will     +....                  E - +2 pair of boots "Doifont" {rF+}
Stlth    +++.......             g - amulet of regeneration
HPRegen  0.00/turn              j - +4 ring of slaying
MPRegen  0.29/turn              w - ring of wizardry

@: brilliant, flying, slightly contaminated, hasted (expiring), studying
Stealth, very quick
A: AC +18, big wings, negative energy resistance 1, electricity resistance,
torment resistance 1, unbreathing 1, petrification resistance, talons 1, high mp
1, passive freeze, sense surroundings 1, inhibited regeneration, evolution 1
}: 3/15 runes: decaying, abyssal, gossamer
a: Renounce Religion, Evoke Blink


You were on level 5 of the Vaults.
You worshipped Vehumet.
Vehumet was exalted by your worship.
You visited 8 branches of the dungeon, and saw 40 of its levels.
You visited the Abyss 1 time.
You also visited: Ossuary, Gauntlet, Ice Cave and Volcano.

You collected 7383 gold pieces.
You spent 2909 gold pieces at shops.

Inventory:

Hand Weapons
 f - the +6 whip of Awkwardness {holy, Str+4}
   (You found it on level 8 of the Dungeon)

   It has been blessed by the Shining One to cause great damage to the undead
   and demons.
   It affects your strength (+4).
 K - a +6 eveningstar of flaming (weapon)
 Y - the +8 quarterstaff of Tortfeasance {vorpal, *Corrode Str+2 Stlth+}
   (You found it in an ice cave)

   It inflicts extra damage upon your enemies.
   It affects your strength (+2).
   It may corrode you when you take damage.
   It makes you more stealthy.
Armour
 a - a +4 troll leather armour (worn)
 l - a +2 helmet (worn)
 n - the +2 pair of gloves "Veush" (worn) {+Blink Str+5 Dex+4}
   (You took it off Nikola on level 3 of the Spider Nest)

   It affects your strength (+5).
   It affects your dexterity (+4).
   It lets you blink.
 x - a +2 cloak of stealth (worn)
 E - the +2 pair of boots "Doifont" (worn) {rF+}
   (You bought it in a shop on level 2 of the Orcish Mines)

   It protects you from fire.
Jewellery
 g - an amulet of regeneration (around neck)
 j - a +4 ring of slaying (left hand)
 k - a +6 ring of intelligence
 w - a ring of wizardry (right hand)
 B - a ring of see invisible
 O - a +4 ring of protection
Wands
 i - a wand of polymorph (20)
 p - a wand of flame (148)
 r - a wand of digging (19)
 y - a wand of iceblast (87)
 J - a wand of charming (11)
 P - a wand of paralysis (36)
 T - a wand of mindburst (11)
Scrolls
 b - a scroll of enchant armour
 c - a scroll of holy word
 e - 27 scrolls of identify
 q - 3 scrolls of magic mapping
 u - 6 scrolls of fog
 z - 5 scrolls of amnesia
 D - 4 scrolls of teleportation
 Q - 4 scrolls of blinking
 R - 4 scrolls of fear
Potions
 d - 3 potions of brilliance
 m - a potion of invisibility
 o - 3 potions of cancellation
 s - 6 potions of might
 t - 20 potions of curing
 A - 6 potions of haste
 G - 7 potions of berserk rage
 M - 3 potions of heal wounds
 N - a potion of resistance
 U - 9 potions of ambrosia
Miscellaneous
 H - a piece from Xom's chessboard (15/15)
 I - a phial of floods
 V - a tin of tremorstones (2/2)
 W - a condenser vane
 X - a phantom mirror


   Skills:
 + Level 14.9 Fighting
 + Level 14.9 Maces & Flails
 - Level 6.0 Armour
 + Level 11.8 Dodging
 - Level 2.1 Stealth
 + Level 14.3 Spellcasting
 + Level 16.3 Conjurations
 - Level 0.7 Transmutations
 + Level 18.1 Fire Magic
 * Level 21.0 Earth Magic
 - Level 10.0 Evocations


You had 7 spell levels left.
You knew the following spells:

 Your Spells              Type           Power      Damage    Failure   Level
a - Shatter               Erth           55%        3d42*     8%          9
b - Stone Arrow           Conj/Erth      100%       3d13      0%          3
c - Lee's Rapid Deconstr  Erth           55%        3d27*     0%          5
d - Iron Shot             Conj/Erth      52%        9d10      1%          6
e - Bolt of Magma         Conj/Fire/Erth 52%        4d21      1%          5
f - Mephitic Cloud        Conj/Pois/Air  61%        N/A       1%          3
g - Ignition              Fire           52%        3d14      1%          8
h - Irradiate             Conj/Tmut      37%        3d25      1%          5

Your spell library contained the following spells:

 Spells                   Type           Power      Damage    Failure   Level
 Eringya's Noxious Bog    Tmut/Pois      14%        N/A       41%         6
 Foxfire                  Conj/Fire      100%       2x1d9     0%          1
 Magic Dart               Conj           100%       1d8       0%          1
 Sandblast                Erth           100%       2d20      0%          1
 Searing Ray              Conj           100%       3d7       0%          2
 Conjure Flame            Conj/Fire      100%       6-21      0%          3
 Animate Skeleton         Necr           52%        N/A       1%          1
 Apportation              Tloc           52%        N/A       1%          1
 Beastly Appendage        Tmut           64%        N/A       1%          1
 Corona                   Hex            28%        N/A       1%          1
 Freeze                   Ice            100%       1d11      1%          1
 Pain                     Necr           100%       1d9       1%          1
 Shock                    Conj/Air       100%       1d9       1%          1
 Sting                    Tmut/Pois      100%       1d8       1%          1
 Summon Small Mammal      Summ           100%       N/A       1%          1
 Passwall                 Tmut/Erth      69%        N/A       1%          2
 Poisonous Vapours        Pois/Air       52%        N/A       1%          2
 Static Discharge         Conj/Air       73%        N/A       1%          2
 Wereblood                Tmut           32%        N/A       1%          2
 Dazzling Flash           Conj/Hex       100%       N/A       1%          3
 Ignite Poison            Fire/Tmut/Pois 65%        N/A       1%          3
 Inner Flame              Hex/Fire       76%        N/A       1%          3
 Animate Armour           Summ/Erth      100%       N/A       1%          4
 Fulminant Prism          Conj/Hex       36%        3d18      1%          4
 Hailstorm                Conj/Ice       73%        3d15      1%          4
 Iskenderun's Mystic Bla  Conj/Tloc      73%        2d15      1%          4
 Petrify                  Tmut/Erth      83%        N/A       1%          4
 Sticky Flame             Conj/Fire      100%       2d11      1%          4
 Borgnjor's Vile Clutch   Necr/Erth      41%        N/A       1%          5
 Fireball                 Conj/Fire      51%        3d20      1%          5
 Lightning Bolt           Conj/Air       36%        1d54      1%          5
 Blink                    Tloc           N/A        N/A       2%          2
 Call Imp                 Summ           26%        N/A       2%          2
 Corpse Rot               Necr/Air       N/A        N/A       2%          2
 Ensorcelled Hibernation  Hex/Ice        52%        N/A       2%          2
 Slow                     Hex            26%        N/A       2%          2
 Call Canine Familiar     Summ           26%        N/A       4%          3
 Confusing Touch          Hex            26%        N/A       4%          3
 Gell's Gravitas          Tloc           13%        N/A       4%          3
 Lesser Beckoning         Tloc           13%        N/A       4%          3
 Portal Projectile        Hex/Tloc       52%        N/A       4%          3
 Spider Form              Tmut/Pois      14%        N/A       4%          3
 Summon Guardian Golem    Hex/Summ       26%        N/A       4%          3
 Teleport Other           Tloc           26%        N/A       4%          3
 Vampiric Draining        Necr           13%        2d7       4%          3
 Olgreb's Toxic Radiance  Pois           26%        N/A       4%          4
 Freezing Cloud           Conj/Ice/Air   30%        6-21      7%          6
 Yara's Violent Unravell  Hex/Tmut       14%        3d7       10%         5
 Ice Form                 Ice/Tmut       29%        N/A       12%         4
 Animate Dead             Necr           13%        N/A       14%         4
 Dispel Undead            Necr           26%        3d13      14%         4
 Summon Ice Beast         Ice/Summ       26%        N/A       14%         4
 Summon Lightning Spire   Summ/Air       26%        N/A       14%         4
 Hydra Form               Tmut           16%        N/A       28%         5
 Alistair's Intoxication  Tmut/Pois      19%        N/A       32%         5
 Agony                    Necr           26%        N/A       36%         5
 Excruciating Wounds      Necr           13%        N/A       36%         5
 Manifold Assault         Tloc           26%        N/A       36%         5
 Metabolic Englaciation   Hex/Ice        13%        N/A       36%         5
 Silence                  Hex/Air        13%        N/A       36%         5
 Summon Forest            Summ/Tloc      13%        N/A       36%         5
 Summon Mana Viper        Hex/Summ       26%        N/A       36%         5
 Blade Hands              Tmut           16%        N/A       82%         6
 Death Channel            Necr           13%        N/A       89%         6
 Shadow Creatures         Summ           N/A        N/A       89%         6
 Simulacrum               Ice/Necr       13%        N/A       89%         6
 Ozocubu's Refrigeration  Ice            13%        4d7       91%         7
 Dragon Form              Tmut           16%        N/A       100%        7
 Malign Gateway           Summ/Tloc      13%        N/A       100%        7
 Summon Hydra             Summ           13%        N/A       100%        7
 Lehudib's Crystal Spear  Conj/Erth      52%        10d12     1%          8
 Fire Storm               Conj/Fire      51%        8d13      30%         9
 Chain Lightning          Conj/Air       36%        N/A       56%         8
 Absolute Zero            Ice            13%        ∞         100%        9
 Tornado                  Air            13%        N/A       100%        9
 Sublimation of Blood     Necr           Unusable   N/A       N/A         2
 Statue Form              Tmut/Erth      Unusable   N/A       N/A         6

Dungeon Overview and Level Annotations

Branches:
Dungeon (15/15)            Temple (1/1) D:4            Lair (6/6) D:9
  Swamp (4/4) Lair:3       Spider (4/4) Lair:2        Slime (0/5) Lair:6
    Orc (2/2) D:10            Elf (3/3) Orc:2        Vaults (5/5) D:13
  Crypt (0/3) Vaults:3     Depths (0/5) D:15        Ossuary (visited)
  IceCv (visited)         Volcano (visited)         Gauntlet (visited)

Altars:
Ashenzari
Cheibriados
Dithmenos
Elyvilon
Fedhas
Gozag
Hepliaklqana
Kikubaaqudgha
Makhleb
Nemelex Xobeh
Okawaru
Qazlal
Ru
Sif Muna
Trog
Uskayaw
Vehumet
Wu Jian
Xom
Yredelemnul
Zin
The Shining One
Beogh

Shops:
D:9 ::   D:11 *![=[   D:14 (   Orc:2 ([==   Vaults:3 !   Vaults:4 :

Annotations:
D:8 1 transporter
D:9 3 runed translucent doors, feta's ghost, journeyman BaFi
D:15 Betzan's ghost, journeyman DgFi
Lair:4 2 transporters, Gilette's ghost, journeyman DsCj
Swamp:3 2 transporters, Sar's ghost, adept HuWz
Spider:2 3 runed translucent doors, Gilette's ghost, adept DjFE


Innate Abilities, Weirdness & Mutations

Your stone body is resilient. (AC +18)
You are immune to poison.
Your large and strong wings let you fly.
You resist negative energy. (rN+)
You are resistant to electric shocks. (rElec)
You are resistant to unholy torment.
You can survive without breathing.
You are immune to petrification.
You have sharp toenails.
You have an increased reservoir of magic. (+10% MP)
A frigid envelope surrounds you and freezes all who hurt you.
You passively map a small area around you.
You do not regenerate when monsters are visible.
You evolve.


Message History

Unknown command.
Unknown command.
Unknown command.
Casting: Shatter (dangerous; 8% risk of failure)
Confirm with . or Enter, or press ? or * to list all spells.
You feel a surge of power!
The dungeon rumbles!
The shadow dragon is heavily wounded.
The tengu reaver is severely wounded.
The stone giant is almost dead.
You kill the jumping spider!
Vehumet accepts your kill.
You feel your power returning.
Your extra speed is starting to run out.
You hear a deafening roar!
You hear a shout! x2
You hear a horrible gurgling sound!
You hear a shout! x2
Unknown command.
Unknown command.
Unknown command.
Casting: Shatter (dangerous; 8% risk of failure)
Confirm with . or Enter, or press ? or * to list all spells.
You feel a surge of power!
The dungeon rumbles!
The shadow dragon is severely wounded.
The tengu reaver is severely wounded.
You kill the stone giant!
Vehumet accepts your kill.
You feel your power returning.
You hear a shout! x3
Unknown command.
Unknown command.
Unknown command.
Casting: Shatter (dangerous; 8% risk of failure)
Confirm with . or Enter, or press ? or * to list all spells.
You feel a surge of power!
The dungeon rumbles!
The shadow dragon is almost dead.
The tengu reaver is almost dead.
The tengu reaver casts a spell at you.
The bolt of cold hits the shadow dragon.
The shadow dragon resists.
The bolt of cold hits you!!!
You die...

, , , ,
...........†...
* , , ,
.(...(.).......
,
.....).........
,
......)†....).)
.).†(...†.....)
,
......[([......
,
......[[.[.....
** ,
)...[[<@.[.....,
, ,
...[[<..D..[...
...[.[<<[.[...†
,
.....[.[.......
, ,
......[[...Q...
*
.)(...[.)..†.$.
,
[.).........(†.
, ,
.).....).....([
, ,
#...#....#..#..
,


You could see a shadow dragon and a tengu reaver.

Vanquished Creatures
  A dread lich (Vaults:5)
  An ancient lich (Vaults:4)
  Saint Roka (Vaults:3)
  the Lernaean hydra (Swamp:4)
  Nikola (Spider:3)
  Arachne (Spider:4)
  The ghost of Qich the Peltast, an adept MiFi of Okawaru (Elf:3)
  3 tentacled monstrosities
  A hellephant (Abyss:3)
  2 liches (Vaults:5)
  4 deep elf blademasters
  The ghost of Laydwo the Peltast, an adept OpFi of Okawaru (Vaults:1)
  The ghost of Tetudagra the Spry, an adept DgGl (Vaults:1)
  2 deep elf master archers (Elf:3)
  A sphinx (Vaults:1)
  A tentacled starspawn (Abyss:3)
  A storm dragon (Vaults:5)
  2 shadow dragons
  6 tengu reavers
  3 frost giants
  4 fire giants (Vaults:5)
  18 vault wardens
  3 orc warlords
  An iron dragon (Vaults:5)
  A fire giant (shapeshifter) (Elf:3)
  6 deep elf sorcerers (Elf:3)
  3 ghost moths
  7 emperor scorpions (Spider:4)
  3 draconian shifters (Abyss:3)
  15 ironbound preservers
  Aizul (Spider:3)
  Louise (Swamp:1)
  3 deep elf elementalists (Elf:3)
  9 very ugly things
  A ghoul (Swamp:1)
  7 stone giants
  6 deep elf demonologists
  5 war gargoyles
  A dire elephant (shapeshifter) (Vaults:4)
  A vampire knight (Vaults:3)
  Azrael (Spider:3)
  A minotaur (Gauntlet)
  5 deep elf annihilators
  3 entropy weavers
  A bunyip (Swamp:2)
  13 dire elephants
  The ghost of nht the Grappler, a journeyman TrTm of the Shining One (D:11)
  2 blizzard demons (IceCv)
  4 crystal guardians
  The ghost of Tazxata the Slicer, a journeyman VSFi of Wu Jian (Elf:3)
  4 fire dragons
  3 deep elf death magi
  2 eleionomae
  4 deep elf high priests
  2 shambling mangroves (Swamp:4)
  5 great orbs of eyes
  10 yaktaur captains
  29 hydras
  37 vault guards
  7 ironbound thunderhulks
  A ghost crab (Swamp:3)
  3 peacekeepers
  14 boulder beetles
  An ogre mage (Vaults:5)
  6 two-headed ogres
  7 ironbound frosthearts
  2 death knights (D:13)
  22 centaur warriors
  29 dancing weapons
  10 alligators
  4 ironbound beastmasters
  A death scarab (Gauntlet)
  A deep troll earth mage (Vaults:5)
  An alligator (shapeshifter) (Vaults:4)
  6 death yaks (Lair:5)
  2 orc high priests
  3 tengu warriors
  A shock serpent (shapeshifter) (D:13)
  3 spriggan berserkers (D:14)
  14 deep elf knights
  6 spriggans
  A fire crab (shapeshifter) (D:13)
  2 skeletal warriors (D:15)
  25 deep trolls
  A spriggan druid (Swamp:2)
  A glowing orange brain (shapeshifter) (Vaults:4)
  A sea snake (shapeshifter) (Vaults:5)
  A storm dragon skeleton (D:15)
  8 goliath frogs
  11 deep elf archers
  7 swamp dragons
  22 bog bodies
  A flayed ghost (D:15)
  15 wizards
  Pikel (D:5)
  10 necromancers
  9 lindwurms
  A harpy (shapeshifter) (Elf:2)
  16 ironbound convokers
  A phantasmal warrior (Vaults:5)
  10 orc knights
  4 orc sorcerers
  30 deep elf pyromancers
  19 orb spiders
  24 deep elf zephyrmancers
  4 oklob plants (Lair:1)
  A stone giant zombie (D:15)
  26 ugly things
  36 wolf spiders
  3 will-o-the-wisps
  A faun (shapeshifter) (Vaults:5)
  A tengu skeleton (Vaults:1)
  2 manticores
  2 moths of wrath
  4 cyclopes
  2 elephants (Lair:4)
  2 moths of wrath (shapeshifter)
  6 black mambas
  2 molten gargoyles (Lair:6)
  A guardian serpent (shapeshifter) (Vaults:4)
  2 ice statues
  24 vault sentinels
  3 smoke demons (Volcano)
  3 torpor snails
  2 unseen horrors
  8 cane toads
  An elf skeleton (Vaults:1)
  A gargoyle (D:12)
  2 efreet (D:13)
  9 rime drakes
  A kobold demonologist (D:13)
  10 demonic crawlers
  29 yaktaurs
  13 komodo dragons
  8 freezing wraiths
  2 anaconda simulacra (IceCv)
  7 ice devils (IceCv)
  6 polar bears
  A human skeleton (Vaults:1)
  3 tengu conjurers
  A bloated husk (Swamp:4)
  3 meliai (D:14)
  8 trolls
  4 tyrant leeches
  13 hornets
  28 jumping spiders
  51 slime creatures
  7 blink frogs
  An ice dragon zombie (D:15)
  A meliai zombie (D:10)
  6 dream sheep (Lair:6)
  A spectral black mamba (Gauntlet)
  A fire dragon zombie (D:15)
  An air elemental (Elf:1)
  A tarantella (shapeshifter) (D:13)
  4 vampires
  4 wraiths
  65 redbacks
  2 shadows (D:13)
  41 tarantellas
  2 dire elephant simulacra (IceCv)
  4 wyverns
  50 yaks
  5 basilisks
  15 humans (D:13)
  3 water elementals
  6 steam dragons
  4 fire elementals
  9 vampire mosquitoes
  A hog (shapeshifter) (D:15)
  7 wargs
  A death yak simulacrum (IceCv)
  13 swamp worms
  5 iron troll simulacra (IceCv)
  A swamp worm (shapeshifter) (D:13)
  5 spatial vortices (Abyss:3)
  4 harpy simulacra (IceCv)
  3 large abominations (Elf:1)
  An acid dragon (D:13)
  11 hell hounds
  4 hydra simulacra (IceCv)
  14 water moccasins
  3 black bears
  50 orc warriors
  8 ice beasts
  8 swamp drakes
  2 ettin simulacra (IceCv)
  6 ogres
  4 necrophages (Swamp:1)
  27 wolves
  A boggart (D:13)
  The ghost of zynnq the Insei, an amateur DjTm (D:3)
  2 phantoms
  10 centaurs
  3 kobold brigands
  4 elf zombies (Elf:1)
  11 bullfrogs
  2 earth elementals
  8 gnoll sergeants
  A wyvern zombie (D:6)
  5 scorpions
  4 water moccasin zombies (Ossuary)
  A water moccasin skeleton (D:5)
  An elephant simulacrum (IceCv)
  16 killer bees
  4 howler monkeys
  5 wights (D:8)
  5 electric eels (D:9)
  5 lava snakes (Lair:6)
  2 centaur zombies (D:10)
  A draconian simulacrum (IceCv)
  8 hounds
  A human simulacrum (Vaults:1)
  A bullfrog skeleton (D:6)
  18 orc priests
  5 gnoll shamans
  2 centaur skeletons (D:6)
  30 orc wizards
  2 iguanas
  3 spriggan simulacra (IceCv)
  2 troll simulacra (IceCv)
  2 mummies (Ossuary)
  2 howler monkey zombies
  5 adders
  3 naga simulacra (IceCv)
  53 gnolls
  15 white imps
  6 ufetubi (IceCv)
  An adder skeleton (D:4)
  2 adder zombies (Ossuary)
  3 worms
  111 orcs
  3 ball pythons
  4 bats
  4 endoplasms
  3 giant cockroaches
  7 gnoll zombies (Ossuary)
  7 goblins
  2 hobgoblins
  19 jackals
  11 kobolds
  4 quokkas
  2 frilled lizards (D:1)
  6 hobgoblin zombies (Ossuary)
  7 kobold zombies (Ossuary)
  3 orc zombies (Ossuary)
  4 rats
  A rat zombie (D:4)
  A bush (Swamp:4)
  A starspawn tentacle (Abyss:3)
1827 creatures vanquished.

Vanquished Creatures (collateral kills)
  Sojobo (Vaults:3)
  Donald (Spider:3)
  An orc warlord (Orc:2)
  A yaktaur captain (Vaults:3)
  An ironbound thunderhulk (Vaults:3)
  A redback (Spider:3)
  A warg (Orc:2)
  An orc priest (Orc:2)
  3 orc wizards (Orc:2)
  An adder (D:3)
  3 orcs (Orc:2)
  3 jackals (D:3)
  A rat (D:3)
19 creatures vanquished.

Vanquished Creatures (others)
  A spriggan druid (Swamp:3)
  2 wizards
  2 wolf spiders (Spider:4)
  A jumping spider (Spider:4)
  A hornet (Spider:1)
  A tarantella (Spider:3)
  3 redbacks (Spider:1)
  An orc warrior (Elf:1)
  16 foxfires
  47 fungi
  51 plants
  A starspawn tentacle (Abyss:3)
  6 toadstools (Lair:4)
  15 withered plants
148 creatures vanquished.

Grand Total: 1994 creatures vanquished

Notes
Turn   | Place    | Note
-------+----------+-------------------------------------------
     0 | D:1      | Lakar the Gargoyle Earth Elementalist began the quest for
                  | the Orb.
     0 | D:1      | Reached XP level 1. HP: 10/10 MP: 3/3
   319 | D:1      | Reached XP level 2. HP: 12/15 MP: 0/5
   386 | D:1      | Reached skill level 4 in Earth Magic
  1490 | D:2      | Reached XP level 3. HP: 13/19 MP: 6/6
  1886 | D:2      | Reached XP level 4. HP: 24/24 MP: 1/8
  1895 | D:2      | Learned a level 3 spell: Stone Arrow
  2036 | D:2      | Reached skill level 5 in Earth Magic
  2215 | D:2      | Found a faded altar of an unknown god.
  2484 | D:3      | Found a broken altar of Ashenzari.
  2515 | D:3      | Found a blossoming altar of Fedhas.
  2541 | D:3      | Noticed a phantom
  2559 | D:3      | Killed a phantom
  2560 | D:3      | Reached skill level 1 in Conjurations
  2560 | D:3      | Reached XP level 5. HP: 19/28 MP: 1/10
  2575 | D:3      | Learned a level 5 spell: Lee's Rapid Deconstruction
  2695 | D:3      | Found a runed translucent door.
  2695 | D:3      | Noticed zynnq's ghost (amateur DjTm)
  2917 | D:3      | Reached XP level 6. HP: 13/32 MP: 7/12
  3298 | D:3      | Killed zynnq's ghost
  3299 | D:3      | Reached skill level 6 in Earth Magic
  3315 | D:3      | Reached skill level 9 in Earth Magic
  3315 | D:3      | Reached XP level 7. HP: 32/36 MP: 6/17
  3721 | D:4      | Found a staircase to the Ecumenical Temple.
  3824 | D:4      | Found a sand-covered staircase.
  3832 | Ossuary  | Entered an ossuary
  3940 | Ossuary  | Reached XP level 8. HP: 29/42 MP: 18/18
  4627 | D:4      | Found a white marble altar of Elyvilon.
  4950 | Temple   | Entered the Ecumenical Temple
  5002 | Temple   | Became a worshipper of Vehumet
  5039 | D:5      | Entered Level 5 of the Dungeon
  5166 | D:5      | Found a shadowy altar of Dithmenos.
  5497 | D:5      | Found a glowing silver altar of Zin.
  5676 | D:5      | Noticed Pikel
  5680 | D:5      | Killed Pikel
  5681 | D:5      | Reached skill level 1 in Fighting
  5681 | D:5      | Reached skill level 1 in Armour
  5681 | D:5      | Reached skill level 1 in Evocations
  5681 | D:5      | Reached XP level 9. HP: 12/47 MP: 6/19
  6632 | D:6      | Reached skill level 10 in Earth Magic
  7129 | D:6      | Reached * piety under Vehumet
  7129 | D:6      | Offered knowledge of Freeze by Vehumet.
  7780 | D:7      | Found a white marble altar of Elyvilon.
  7950 | D:7      | Found a bloodstained altar of Trog.
  9047 | D:8      | Found a transporter.
  9049 | D:8      | Noticed a troll
  9051 | D:8      | Noticed a purple ugly thing
  9052 | D:8      | Found a transporter.
  9052 | D:8      | Noticed a wolf spider
  9072 | D:8      | Found a transporter.
  9072 | D:8      | Noticed a troll
  9102 | D:8      | Noticed a troll
  9276 | D:8      | Found a transporter.
  9280 | D:8      | Found a transporter.
  9328 | D:8      | Reached XP level 10. HP: 53/54 MP: 15/21
  9332 | D:8      | Reached ** piety under Vehumet
  9332 | D:8      | Offered knowledge of Magic Dart by Vehumet.
  9448 | D:8      | Found a stormy altar of Qazlal.
  9454 | D:8      | Found a sparkling altar of Nemelex Xobeh.
  9457 | D:8      | Found an ornate altar of the Wu Jian Council.
  9502 | D:8      | Identified the +1 robe of the Sunfish {Rampage}
  9771 | D:8      | Learned a level 3 spell: Mephitic Cloud
  9999 | D:9      | Found a runed translucent gate.
 10101 | D:9      | Offered knowledge of Poisonous Vapours by Vehumet.
 10262 | D:9      | Found Hielyrphu's Book Boutique.
 10464 | D:9      | Found a staircase to the Lair.
 10681 | D:9      | Reached *** piety under Vehumet
 10958 | D:9      | Found Zudd's Book Shop.
 10975 | D:9      | Offered knowledge of Hailstorm by Vehumet.
 11156 | D:9      | Found a runed translucent gate.
 11156 | D:9      | Found a runed translucent gate.
 11157 | D:9      | Found an opulent altar of Gozag.
 11157 | D:9      | Noticed a manticore
 11158 | D:9      | Noticed feta's ghost (journeyman BaFi)
 11158 | D:9      | Noticed a two-headed ogre
 11173 | D:9      | Noticed a centaur warrior
 11179 | D:9      | Killed a centaur warrior
 11504 | D:9      | Noticed a cyclops
 11722 | D:9      | Reached XP level 11. HP: 60/60 MP: 23/23
 11770 | D:9      | Learned a level 5 spell: Irradiate
 11880 | D:8      | Identified the +6 whip of Awkwardness {holy, Str+4}
 11891 | D:8      | Killed a wolf spider
 11906 | D:8      | Gained mutation: You are clumsy. (Dex -2) [mutagenic glow]
 11911 | D:8      | Killed a purple ugly thing
 11920 | D:8      | Gained mutation: You have a pair of small horns on your
                  | head. [mutagenic glow]
 12228 | D:10     | Entered Level 10 of the Dungeon
 12239 | D:10     | Reached **** piety under Vehumet
 12362 | D:10     | Noticed a two-headed ogre
 12367 | D:10     | Killed a two-headed ogre
 12477 | D:10     | Found a staircase to the Orcish Mines.
 12892 | D:10     | Offered knowledge of Lightning Bolt by Vehumet.
 13155 | D:11     | Found a gate leading to a gauntlet.
 13177 | D:11     | Found Yjoreg's Assorted Antiques.
 13187 | D:11     | Bought a yellow potion for 23 gold pieces
 13187 | D:11     | Bought a scroll of enchant armour for 195 gold pieces
 13187 | D:11     | Bought a yellow potion for 23 gold pieces
 13187 | D:11     | Bought a scroll of fear for 91 gold pieces
 13187 | D:11     | Bought a yellow potion for 23 gold pieces
 13210 | Gauntlet | Entered a Gauntlet
 13210 | Gauntlet | Found a transporter.
 13210 | Gauntlet | Found a transporter.
 13210 | Gauntlet | Found a transporter.
 13211 | Gauntlet | Found a transporter.
 13211 | Gauntlet | Noticed a moth of wrath
 13212 | Gauntlet | Found a transporter.
 13215 | Gauntlet | Found a transporter.
 13217 | Gauntlet | Noticed a death scarab
 13221 | Gauntlet | Found a transporter.
 13224 | Gauntlet | Found a transporter.
 13226 | Gauntlet | Found a transporter.
 13227 | Gauntlet | Found a transporter.
 13230 | Gauntlet | Found a runed translucent door.
 13230 | Gauntlet | Found a runed translucent door.
 13234 | Gauntlet | Found a transporter.
 13235 | Gauntlet | Found a transporter.
 13244 | Gauntlet | Found the necklace of Bloodlust {*Rage +Rage Will++ Int-3
                  | Slay+6}
 13327 | Gauntlet | Found a runed translucent door.
 13511 | Gauntlet | Killed a moth of wrath
 13512 | Gauntlet | Reached skill level 11 in Earth Magic
 13644 | Gauntlet | Killed a death scarab
 13745 | Gauntlet | Identified the ring "Sidewe Mufa" {*Slow rElec EV+4 Dex+7}
 13838 | Gauntlet | Noticed a minotaur
 13848 | Gauntlet | Killed a minotaur
 13849 | Gauntlet | Reached skill level 5 in Fighting
 13849 | Gauntlet | Reached skill level 5 in Armour
 13895 | D:11     | Found a runed translucent gate.
 13895 | D:11     | Found a runed translucent gate.
 13895 | D:11     | Found a runed translucent gate.
 13895 | D:11     | Noticed a boulder beetle
 13901 | D:11     | Killed a boulder beetle
 13902 | D:11     | Reached XP level 12. HP: 59/68 MP: 8/24
 13985 | D:11     | Noticed an eight-headed hydra
 13985 | D:11     | Noticed a centaur warrior
 13985 | D:11     | Noticed a two-headed ogre
 13986 | D:11     | Noticed nht's ghost (journeyman TrTm)
 13988 | D:11     | Noticed a boulder beetle
 14068 | D:11     | Found Jamavep's Armour Emporium.
 14070 | D:11     | Found Qororeo's Armour Emporium.
 14075 | D:11     | Found Gijyutzost's Jewellery Emporium.
 14083 | D:11     | Found Bydeovvo's Distillery.
 14089 | D:11     | Bought a potion of curing for 36 gold pieces
 14089 | D:11     | Bought a potion of curing for 36 gold pieces
 14089 | D:11     | Bought a potion of curing for 36 gold pieces
 14089 | D:11     | Bought a potion of heal wounds for 60 gold pieces
 14089 | D:11     | Bought a potion of heal wounds for 60 gold pieces
 14089 | D:11     | Bought a potion of heal wounds for 60 gold pieces
 14089 | D:11     | Bought a potion of haste for 120 gold pieces
 14089 | D:11     | Bought a potion of curing for 36 gold pieces
 14089 | D:11     | Bought a potion of mutation for 96 gold pieces
 14089 | D:11     | Lost mutation: You are clumsy. (Dex -2) [potion of
                  | mutation]
 14089 | D:11     | Lost mutation: You have a pair of small horns on your head.
                  | [potion of mutation]
 14089 | D:11     | Gained mutation: Your mind is acute. (Int +2) [potion of
                  | mutation]
 14109 | D:11     | Noticed a tengu warrior
 14871 | D:11     | Killed a two-headed ogre
 14873 | D:11     | Killed a tengu warrior
 14873 | D:11     | Killed a centaur warrior
 14873 | D:11     | Killed an eight-headed hydra
 14876 | D:11     | Killed nht's ghost
 14877 | D:11     | Reached skill level 5 in Evocations
 14879 | D:11     | Killed a boulder beetle
 15115 | D:12     | Noticed a two-headed ogre
 15121 | D:12     | Killed a two-headed ogre
 15301 | D:12     | Reached skill level 5 in Dodging
 15742 | D:12     | Reached skill level 10 in Conjurations
 15742 | D:12     | Reached ***** piety under Vehumet
 16020 | D:12     | Reached XP level 13. HP: 75/75 MP: 20/26
 16298 | D:13     | Reached skill level 12 in Earth Magic
 16496 | D:13     | Offered knowledge of Iron Shot by Vehumet.
 16516 | D:13     | Noticed a fire dragon
 16532 | D:13     | Killed a fire dragon
 17133 | D:13     | Identified the Almanac of Freezing Summoning
 17360 | D:13     | Gained mutation: Your large and strong wings let you fly.
                  | [Gargoyle growth]
 17360 | D:13     | Reached XP level 14. HP: 83/83 MP: 23/27
 17568 | D:13     | Learned a level 6 spell: Iron Shot
 17699 | D:13     | Reached skill level 10 in Spellcasting
 17705 | D:13     | Identified the +1 whip of the Enchanted Forest {vorpal,
                  | rC++ Str+2 Dex+3}
 18106 | D:13     | Reached skill level 10 in Maces & Flails
 18379 | D:13     | Reached skill level 13 in Earth Magic
 18394 | D:13     | Offered knowledge of Bolt of Magma by Vehumet.
 18658 | D:13     | Found a gate to the Vaults.
 18952 | D:14     | Found Juijacah's Antique Weapon Emporium.
 19692 | D:14     | Learned a level 5 spell: Bolt of Magma
 19801 | D:14     | Reached skill level 1 in Fire Magic
 19808 | D:14     | Reached XP level 15. HP: 45/90 MP: 16/29
 20383 | D:14     | Found the +8 Wrath of Trog {antimagic, *Rage}
 20636 | Lair:1   | Entered Level 1 of the Lair of Beasts
 20863 | Lair:1   | Identified the +4 chain mail of Gehenna {rC- Str+6 Dex+4
                  | Stlth+}
 21526 | Lair:2   | Found a dark tunnel.
 21582 | Volcano  | Entered a volcano
 22944 | Lair:2   | Found a hole to the Spider Nest.
 23855 | Lair:3   | Found a staircase to the Swamp.
 24374 | Lair:4   | Offered knowledge of Freezing Cloud by Vehumet.
 24872 | Lair:4   | Found a transporter.
 24874 | Lair:4   | Found a transporter.
 24879 | Lair:4   | Noticed Gilette's ghost (journeyman DsCj)
 25360 | Lair:4   | Found a runed translucent door.
 26261 | D:9      | Bought a book of the Tempests for 700 gold pieces
 26435 | Lair:5   | Reached skill level 5 in Fire Magic
 26650 | Lair:5   | Reached skill level 10 in Fighting
 26704 | Lair:5   | Reached XP level 16. HP: 64/97 MP: 18/31
 26706 | Lair:5   | Reached skill level 14 in Earth Magic
 27389 | Lair:6   | Entered Level 6 of the Lair of Beasts
 27848 | Lair:6   | Learned a level 8 spell: Ignition
 28379 | Lair:6   | Found a staircase to the Slime Pits.
 28590 | Lair:6   | Offered knowledge of Spellforged Servitor by Vehumet.
 28611 | Lair:6   | Found a large runed translucent door.
 28611 | Lair:6   | Found a large runed translucent door.
 29487 | Orc:1    | Entered Level 1 of the Orcish Mines
 29770 | Orc:2    | Entered Level 2 of the Orcish Mines
 29904 | Orc:2    | Offered knowledge of Conjure Ball Lightning by Vehumet.
 30135 | Orc:1    | Reached skill level 10 in Fire Magic
 30140 | Orc:1    | Reached ****** piety under Vehumet
 30374 | Orc:2    | Found Ciumoning's Jewellery Shoppe.
 30635 | Orc:2    | Found a staircase to the Elven Halls.
 31065 | Orc:2    | Found Kaps's Antique Armour Shop.
 31068 | Orc:2    | Found Reugyam's Antique Weapon Boutique.
 31092 | Orc:2    | Bought a pair of transparent boots for 294 gold pieces
 31092 | Orc:2    | Identified the +2 pair of boots "Doifont" {rF+} (You bought
                  | it in a shop on level 2 of the Orcish Mines)
 31212 | Orc:2    | Lost mutation: Your mind is acute. (Int +2) [a neqoxec]
 31229 | Orc:2    | Found Wiokhl Sove's Jewellery Boutique.
 31478 | D:15     | Entered Level 15 of the Dungeon
 31510 | D:15     | Found a transporter.
 31533 | D:15     | Noticed Betzan's ghost (journeyman DgFi)
 31534 | D:15     | Found a transporter.
 32038 | D:15     | Found a staircase to the Depths.
 32068 | D:15     | Reached XP level 17. HP: 92/102 MP: 28/32
 33195 | Spider:1 | Entered Level 1 of the Spider Nest
 33202 | Spider:1 | Offered knowledge of Fireball by Vehumet.
 33426 | Spider:1 | Gained mutation: Armour fits poorly on your strangely
                  | shaped body. [mutagenic glow]
 33481 | Lair:2   | Lost mutation: Armour fits poorly on your strangely shaped
                  | body. [potion of mutation]
 33481 | Lair:2   | Gained mutation: You sometimes lose the ability to read
                  | scrolls when taking damage. [potion of mutation]
 33481 | Lair:2   | Gained mutation: You have a pair of small antennae on your
                  | head. [potion of mutation]
 33481 | Lair:2   | Gained mutation: You are frail. (-10% HP) [potion of
                  | mutation]
 33481 | Lair:2   | Gained mutation: You are partially covered in large bone
                  | plates. (SH +4) [potion of mutation]
 33482 | Lair:2   | Lost mutation: You sometimes lose the ability to read
                  | scrolls when taking damage. [potion of mutation]
 33482 | Lair:2   | Lost mutation: You are frail. (-10% HP) [potion of
                  | mutation]
 33482 | Lair:2   | Lost mutation: You are partially covered in large bone
                  | plates. (SH +4) [potion of mutation]
 33482 | Lair:2   | Gained mutation: You are frail. (-10% HP) [potion of
                  | mutation]
 33482 | Lair:2   | Gained mutation: You are somewhat resistant to further
                  | mutation. [potion of mutation]
 33483 | Lair:2   | Lost mutation: You are somewhat resistant to further
                  | mutation. [potion of mutation]
 33483 | Lair:2   | Lost mutation: You are frail. (-10% HP) [potion of
                  | mutation]
 33483 | Lair:2   | Lost mutation: You have a pair of small antennae on your
                  | head. [potion of mutation]
 33483 | Lair:2   | Gained mutation: Your magical capacity is low. (-10% MP)
                  | [potion of mutation]
 33483 | Lair:2   | Gained mutation: You are partially covered in large bone
                  | plates. (SH +4) [potion of mutation]
 33483 | Lair:2   | Gained mutation: Your mind is acute. (Int +2) [potion of
                  | mutation]
 33768 | Spider:1 | You are sucked into a shaft and drop 1 floor!
 33781 | Spider:2 | Found a runed translucent gate.
 33781 | Spider:2 | Found a runed translucent gate.
 33782 | Spider:2 | Found a runed translucent gate.
 33916 | Spider:2 | Offered knowledge of Eringya's Noxious Bog by Vehumet.
 34271 | Spider:2 | Noticed Gilette's ghost (adept DjFE)
 34991 | Spider:3 | Noticed Aizul
 35009 | Spider:3 | Killed Aizul
 35215 | Spider:3 | Noticed Donald
 35227 | Spider:3 | Killed Donald
 35483 | Spider:3 | Identified the -2 helmet of Sitomp {Int+5 Slay+2}
 35626 | Spider:3 | Noticed Azrael
 35637 | Spider:3 | Killed Azrael
 36004 | Spider:4 | Entered Level 4 of the Spider Nest
 36126 | Swamp:1  | Entered Level 1 of the Swamp
 36132 | Swamp:1  | Identified a scroll of acquirement
 36138 | Swamp:1  | Acquired 692 gold pieces
 36158 | Swamp:1  | Found a frozen archway.
 36161 | Swamp:1  | Noticed Louise
 36174 | Swamp:1  | Killed Louise
 36191 | IceCv    | Entered an ice cave
 36990 | IceCv    | Lost mutation: You are partially covered in large bone
                  | plates. (SH +4) [potion of mutation]
 36990 | IceCv    | Lost mutation: Your magical capacity is low. (-10% MP)
                  | [potion of mutation]
 36990 | IceCv    | Lost mutation: Your mind is acute. (Int +2) [potion of
                  | mutation]
 36990 | IceCv    | Gained mutation: You are occasionally teleported next to
                  | monsters. [potion of mutation]
 36990 | IceCv    | Gained mutation: You are clumsy. (Dex -2) [potion of
                  | mutation]
 36990 | IceCv    | Gained mutation: You passively map a small area around you.
                  | [potion of mutation]
 36990 | IceCv    | Gained mutation: You have an increased reservoir of magic.
                  | (+10% MP) [potion of mutation]
 36991 | IceCv    | Lost mutation: You passively map a small area around you.
                  | [potion of mutation]
 36991 | IceCv    | Gained mutation: Your spells are a little harder to cast,
                  | but a little more powerful. [potion of mutation]
 36991 | IceCv    | Lost mutation: Your spells are a little harder to cast, but
                  | a little more powerful. [potion of mutation]
 36991 | IceCv    | Gained mutation: You passively map a small area around you.
                  | [potion of mutation]
 37161 | IceCv    | Reached skill level 15 in Fire Magic
 37434 | IceCv    | Identified the +8 quarterstaff of Tortfeasance {vorpal,
                  | *Corrode Str+2 Stlth+}
 37759 | Swamp:1  | Reached XP level 18. HP: 96/108 MP: 15/36
 39000 | Swamp:2  | You are sucked into a shaft and drop 1 floor!
 39675 | Swamp:3  | Found a transporter.
 39677 | Swamp:3  | Found a transporter.
 39677 | Swamp:3  | Noticed Sar's ghost (adept HuWz)
 40330 | Swamp:3  | Noticed a tentacled monstrosity
 40611 | Swamp:4  | Entered Level 4 of the Swamp
 40952 | Swamp:4  | Reached skill level 15 in Earth Magic
 40954 | Swamp:4  | Noticed the 27-headed Lernaean hydra
 41331 | Swamp:4  | Killed the 27-headed Lernaean hydra
 41505 | Swamp:4  | Got a decaying rune of Zot
 41547 | Swamp:4  | Reached XP level 19. HP: 113/113 MP: 28/38
 42062 | Spider:4 | Identified the +2 pair of gloves "Veush" {+Blink Str+5
                  | Dex+4}
 42062 | Spider:4 | Noticed Nikola
 42165 | Spider:4 | Noticed Arachne
 42207 | Spider:3 | Killed Nikola
 42424 | Spider:4 | Killed Arachne
 42978 | Spider:4 | Got a gossamer rune of Zot
 43994 | Elf:1    | Entered Level 1 of the Elven Halls
 44199 | Elf:1    | Reached skill level 16 in Earth Magic
 44477 | Elf:1    | Reached skill level 10 in Evocations
 45440 | Elf:1    | Identified the Papyrus of Cheese
 45590 | Elf:1    | Identified Sif Muna's Disquisition on the Vitriolic Birds
 45907 | Elf:2    | Reached XP level 20. HP: 121/121 MP: 27/39
 45929 | Elf:2    | Found a runed translucent gate.
 45929 | Elf:2    | Found a runed translucent gate.
 45929 | Elf:2    | Found a runed translucent gate.
 47849 | Elf:3    | Entered Level 3 of the Elven Halls
 48121 | Elf:2    | Found an ancient bone altar of Kikubaaqudgha.
 48139 | Elf:3    | Found a runed translucent gate.
 48141 | Elf:3    | Noticed Tazxata's ghost (journeyman VSFi)
 48141 | Elf:3    | Noticed Qich's ghost (adept MiFi)
 48143 | Elf:3    | Found a runed translucent gate.
 48143 | Elf:3    | Found a runed translucent gate.
 48266 | Elf:3    | Identified the +1 rapier of the Scavenger {flame, rN++
                  | Str+3}
 48270 | Elf:3    | Reached skill level 17 in Earth Magic
 48954 | Elf:3    | Reached XP level 21. HP: 128/128 MP: 28/41
 49340 | Elf:3    | Identified Ovvonadgh's Compendium of Clay
 49368 | Elf:3    | Found the +2 hat of the Bear Spirit {Spirit, +Rage rN+
                  | Will++}
 49372 | Elf:3    | Identified the Volume of Enchanting Ice
 49375 | Elf:3    | Found the +0 staff of Battle
 49388 | Elf:3    | Identified the Papyrus of the Blessed Realm
 49775 | Elf:3    | Killed Tazxata's ghost
 49791 | Elf:3    | Killed Qich's ghost
 49809 | Elf:3    | Identified the Disquisition on Creative Feathers
 50025 | Vaults:1 | Entered Level 1 of the Vaults
 50108 | Vaults:1 | Reached skill level 10 in Dodging
 50405 | Vaults:1 | Found a runed translucent gate.
 50405 | Vaults:1 | Found a runed translucent gate.
 50406 | Vaults:1 | Found a runed translucent gate.
 50407 | Vaults:1 | Noticed Tetudagra's ghost (adept DgGl)
 50407 | Vaults:1 | Noticed Laydwo's ghost (adept OpFi)
 50420 | Vaults:1 | Reached skill level 18 in Earth Magic
 51678 | Vaults:1 | Killed Tetudagra's ghost
 51792 | Vaults:1 | Killed Laydwo's ghost
 52354 | Vaults:2 | Learned a level 9 spell: Shatter
 53048 | Vaults:2 | Reached XP level 22. HP: 104/135 MP: 9/43
 53670 | Vaults:3 | Found Ruirgh's Distillery.
 53686 | Vaults:3 | Bought a potion of might for 80 gold pieces
 53686 | Vaults:3 | Bought a potion of haste for 200 gold pieces
 53686 | Vaults:3 | Bought a potion of curing for 60 gold pieces
 53686 | Vaults:3 | Bought a potion of haste for 200 gold pieces
 53686 | Vaults:3 | Bought a potion of ambrosia for 160 gold pieces
 53686 | Vaults:3 | Bought a potion of ambrosia for 160 gold pieces
 53971 | Vaults:3 | Noticed Saint Roka
 53986 | Vaults:3 | Killed Saint Roka
 53999 | Vaults:3 | Reached skill level 15 in Conjurations
 54258 | Vaults:3 | Noticed Sojobo
 54270 | Vaults:3 | Killed Sojobo
 54271 | Vaults:3 | Reached skill level 19 in Earth Magic
 55226 | Vaults:3 | Found a staircase to the Crypt.
 56007 | Vaults:4 | Cast into level 3 of the Abyss (a deep elf demonologist)
 56007 | Abyss:3  | Found a corrupted altar of Lugonu.
 56020 | Abyss:3  | Found a corrupted altar of Lugonu.
 56033 | Abyss:3  | Got an abyssal rune of Zot
 56038 | Abyss:3  | Gained mutation: You are frail. (-10% HP) [mutagenic glow]
 56131 | Vaults:4 | Escaped the Abyss
 56139 | Vaults:4 | Reached XP level 23. HP: 72/126 MP: 32/44
 56402 | Vaults:4 | Noticed an ancient lich
 56423 | Vaults:4 | Killed an ancient lich
 56895 | Vaults:4 | Found Muretok's Book Shoppe.
 56909 | Vaults:4 | Reached skill level 20 in Earth Magic
 57206 | Vaults:3 | Bought a potion of mutation for 160 gold pieces
 57206 | Vaults:3 | Lost mutation: You are frail. (-10% HP) [potion of
                  | mutation]
 57206 | Vaults:3 | Lost mutation: You are clumsy. (Dex -2) [potion of
                  | mutation]
 57206 | Vaults:3 | Lost mutation: You are occasionally teleported next to
                  | monsters. [potion of mutation]
 57206 | Vaults:3 | Gained mutation: You do not regenerate when monsters are
                  | visible. [potion of mutation]
 57206 | Vaults:3 | Gained mutation: You have sharp toenails. [potion of
                  | mutation]
 57206 | Vaults:3 | Gained mutation: A frigid envelope surrounds you and
                  | freezes all who hurt you. [potion of mutation]
 57206 | Vaults:3 | Gained mutation: You evolve. [potion of mutation]
 57736 | Vaults:5 | Entered Level 5 of the Vaults
 57855 | Vaults:5 | Reached XP level 24. HP: 133/149 MP: 43/45
 57862 | Vaults:5 | Noticed a dread lich
 57866 | Vaults:5 | Killed a dread lich
 57877 | Vaults:5 | Reached skill level 21 in Earth Magic
 57885 | Vaults:5 | Killed from afar by a tengu reaver

Illustrated notes

Levels and vault maps discovered:
D:1:      lemuel_arrival_funnel, layout_loops_ring
D:2:      layout_basic, basic_ecumenical_altar
D:3:      minmay_angry_zag, layout_rooms, marbit_many_paths,
          lemuel_doored_altar, hellmonk_ghost_happy_afterlife
D:4:      layout_basic, minmay_temple_entry_statues_fountains, enter_ossuary_3,
          kennysheep_flooded_box
D:5:      layout_loops_corners, zin_statuary, grunt_dithmenos_shadows,
          uniq_pikel
D:6:      layout_loops_ring
D:7:      layout_layer_cave, trog_book, elyvilon_altar_1, minivault_19
D:8:      gammafunk_the_bubble [the_bubble_gammafunk_roulette],
          layout_cave_pods, minmay_overflow_temple_star_quad,
          hangedman_decor_riveting, minmay_strange_pillars,
          grunt_decor_arrowhead
D:9:      layout_cave_pools, erik_lair_island, ebering_ghost_gozag,
          serial_gnoll_camp, gnoll_camp_huts_basic, gnoll_camp_mini_shop,
          gnoll_camp_medium_02, gnoll_camp_mini_shop, gnoll_camp_mini_hut,
          hellmonk_bongcloud_opening, minmay_misc_feat_ornament,
          minmay_misc_feat_hallway, skrybe_limestone_x, fountainhead
D:10:     layout_small_grid, orc_0_dummy
D:11:     layout_roguey, gammafunk_ghost_split, serial_shops, shop,
          gauntlet_entry_generic, minmay_shop_grid_forest, bh_walls_and_bars
D:12:     layout_small_grid, special_room [special_room_orc]
D:13:     minmay_the_grid_square_5x5_5x5 [minmay_the_grid_square_5x5_inner_z,
          minmay_the_grid_square_5x5_intrusive_squares,
          minmay_the_grid_square_5x5_percent,
          minmay_the_grid_square_5x5_sharp_hourglass,
          minmay_the_grid_square_5x5_inverted_slash,
          minmay_the_grid_square_5x5_checkered_statues,
          minmay_the_grid_square_5x5_prize_deathbox,
          minmay_the_grid_square_5x5_checkered,
          minmay_the_grid_square_5x5_prize_snowflake,
          minmay_the_grid_square_5x5_bracketed,
          minmay_the_grid_square_5x5_detours, minmay_the_grid_square_5x5_inset,
          minmay_the_grid_square_5x5_prize_pseudospiral,
          minmay_the_grid_square_5x5_hollow_slash,
          minmay_the_grid_square_5x5_three_walls,
          minmay_the_grid_square_5x5_tri_point,
          minmay_the_grid_square_5x5_prize_junk,
          minmay_the_grid_square_5x5_three,
          minmay_the_grid_square_5x5_prize_gold,
          minmay_the_grid_square_5x5_n_small, minmay_the_grid_square_5x5_fat_x,
          minmay_the_grid_square_5x5_doubleslash,
          minmay_the_grid_square_5x5_two_walls_a,
          minmay_the_grid_square_5x5_plus, minmay_the_grid_square_5x5_shrine1],
          layout_small_grid, grunt_vaults_entry_tiered,
          minmay_fractal_squares_gapless_5
D:14:     layout_stronghold, kennysheep_decorative_pillar, serial_shops,
          nicolae_shop_competitors_out_of_business,
          minmay_guarded_unrand_wrath_of_trog
D:15:     gammafunk_depths_entry_grave, layout_long_grid,
          gammafunk_ghost_mausoleum, hangedman_abyss_or_decor_passed
Temple:   cyrus_circular_temple
Lair:1:   layout_misc_corridors, minmay_lair_oklob_chamber, grunt_megastairs_5,
          infiniplex_staircase_pool_2
Lair:2:   layout_loops_ring, nicolae_spider_entry_non_spiders, enter_volcano_1,
          chequers_serial_rivers_micro_e, serial_bayou_shore_b
Lair:3:   layout_loops_ring, swamp_mist, serial_bayou_pond_d
Lair:4:   gammafunk_lair_enchanted_lake, layout_small_grid,
          gammafunk_ghost_hive, patterned_corridor
Lair:5:   layout_misc_corridors, ice2_lemuel
Lair:6:   cheibrodos_lair_end_hotspot, layout_long_grid,
          dpeg_slime_entry_corner, minmay_lair_drake_nest, serial_bayou_shore_b
Swamp:1:  layout_falls_marsh, portal_ice_cave_entry_pillars_four,
          nicolae_swamp_tree_designs, swamp_pool2, hangedman_swamp_ravenous,
          uniq_louise
Swamp:2:  layout_basic_swamp, evilmike_swamp_ruin_house_1
Swamp:3:  layout_basic_swamp, gammafunk_ghost_arena,
          evilmike_swamp_ruin_rubble_1
Swamp:4:  grunt_swamp_rune_castle, layout_basic_swamp
Spider:1: layout_spider_delve
Spider:2: layout_spider_delve, gammafunk_ghost_split
Spider:3: layout_spider_delve, drop_trap, uniq_azrael, uniq_donald, uniq_aizul
Spider:4: grunt_spider_rune_circles, nicolae_spider_spiderdrome, uniq_arachne,
          uniq_nikola
Orc:1:    layout_diamond_mine
Orc:2:    grunt_orc_community_town_hall, layout_caves,
          grunt_orc_community_big_house_2, grunt_orc_community_big_house_1,
          grunt_orc_community_house_1, grunt_orc_community_house_3,
          grunt_orc_community_house_1, grunt_orc_community_house_3
Elf:1:    elf_arrival_001, layout_loops_corners, minmay_elf_necromancy,
          grunt_ministairs_13
Elf:2:    layout_loops_cross, drop_trap, lemuel_upstairs_altar
Elf:3:    minmay_elf_hall_circle, layout_gridlike, gammafunk_ghost_cemetery
Vaults:1: gammafunk_vaults_ghost_cemetery, v_misc_8, nicolae_vaults_triangles,
          vaults_dpeg_diagonal, hangedman_vaults_hat, vaults_room_pools,
          vaults_dpeg_ring, vaults_mumra_lcd, dpeg_vaults_monster_box,
          v_pattern_2, hangedman_vaults_stretched_pinwheel,
          ontoclasm_vaults_pinch, nicolae_vaults_meeting,
          nicolae_vaults_little_squares_4, nicolae_vaults_mini_display_case,
          layout_vaults_omnicross
Vaults:2: v_misc_32, ontoclasm_vaults_ring_large, ontoclasm_vaults_twist,
          nicolae_vaults_diagonal_hallway_7, vaults_mumra_hexcomb,
          vaults_room_door_hall, layout_vaults_omnigrid
Vaults:3: v_pattern_5, ontoclasm_vaults_ring_square, vaults_dpeg_spiral,
          nicolae_vaults_network_periphery, minmay_crypt_entry_vampire_xt,
          hangedman_vaults_restitches, nicolae_vaults_ring_of_whatevers,
          v_misc_11, hangedman_vaults_slither, nicolae_vaults_little_squares_4,
          v_rooms_1, vaults_dpeg_hooks, ontoclasm_vaults_decontamination,
          layout_vaults_omnibox, serial_shops, shop, uniq_saint_roka,
          uniq_sojobo
Vaults:4: v_rooms_4, nicolae_vaults_big_angled_halls, vaults_dpeg_cross,
          dpeg_vaults_pockets_of_resistance, grunt_vaults_focal,
          nicolae_vaults_border_crossing, vaults_dpeg_encased_lava,
          nicolae_vaults_alarming, nicolae_vaults_yaktaur_gun_rack,
          layout_vaults_big_room, serial_shops, shop_statue
Vaults:5

Skill      XL: |  1  2  3  4  5  6  7  8  9 10 11 12 13 14 15 16 17 18 19 20 21 22 23 24 |
---------------+-------------------------------------------------------------------------+-----
Earth Magic    | 4 5 9 10 11 12 13 14 15 16 17 18 19 20 21 | 21.0
Spellcasting   | 3 4 7 8 9 10 11 12 13 14 | 14.3
Conjurations   | 1 2 7 8 9 10 11 12 13 14 15 16 | 16.3
Maces & Flails | 6 7 8 9 10 11 12 13 14 | 14.9
Fighting       | 1 2 3 5 6 7 9 10 11 12 13 14 | 14.9
Armour         | 1 2 3 5 6 |  6.0
Dodging        | 2 3 4 5 6 7 8 9 10 11 | 11.8
Evocations     | 1 2 3 4 5 6 7 8 9 10 | 10.0
Fire Magic     | 1 5 11 15 16 17 18 | 18.1
Stealth        | |  2.1
Transmutations | |  0.7

Action                   |  1- 3 |  4- 6 |  7- 9 | 10-12 | 13-15 | 16-18 | 19-21 | 22-24 || total
-------------------------+-------+-------+-------+-------+-------+-------+-------+-------++-------
Melee: Unarmed           |     2 |       |       |       |       |       |       |       ||     2
       Dagger            |    36 |       |       |       |       |       |       |       ||    36
       Mace              |    34 |       |       |       |       |       |       |       ||    34
       Flail             |       |    63 |   261 |   112 |       |       |       |       ||   436
       Whip              |       |       |       |    82 |   476 |   712 |       |       ||  1270
       Headbutt          |       |       |       |     4 |       |       |       |       ||     4
       Staff             |       |       |       |       |       |    11 |       |       ||    11
       Eveningstar       |       |       |       |       |       |   145 |   587 |   194 ||   926
 Cast: Sandblast         |    32 |    20 |    16 |    25 |    24 |    33 |     7 |       ||   157
       Stone Arrow       |       |       |    18 |    87 |    68 |     3 |     5 |       ||   181
       Lee's Rapid Decon |       |       |    11 |    47 |    62 |    37 |    48 |    41 ||   246
       Irradiate         |       |       |       |     5 |    11 |    60 |       |       ||    76
       Mephitic Cloud    |       |       |       |     2 |     2 |       |       |       ||     4
       Iron Shot         |       |       |       |       |    78 |   170 |   177 |    62 ||   487
       Bolt of Magma     |       |       |       |       |    36 |    83 |    56 |    10 ||   185
       Ignition          |       |       |       |       |       |    35 |    90 |    53 ||   178
       Shatter           |       |       |       |       |       |       |       |    41 ||    41
Evoke: Wand              |       |       |       |    17 |    23 |    16 |     8 |    10 ||    74
       Phial of floods   |       |       |       |     1 |     4 |     3 |     1 |       ||     9
       Tin of tremorston |       |       |       |       |     5 |     5 |     7 |     3 ||    20
       Condenser vane    |       |       |       |       |     3 |     3 |     2 |     3 ||    11
       Phantom mirror    |       |       |       |       |       |     2 |     2 |     1 ||     5
       Piece from Xom's  |       |       |       |       |       |       |     1 |       ||     1
  Use: Scroll            |       |     8 |    10 |    11 |     4 |    10 |    14 |     6 ||    63
       Potion            |       |     2 |       |     8 |     4 |    12 |     9 |    11 ||    46
 Stab: Sleeping          |     1 |     4 |     4 |     1 |     2 |     3 |     2 |     2 ||    19
       Distracted        |       |       |     1 |       |       |     1 |     2 |     1 ||     5
       Paralysed         |       |       |       |       |       |       |     2 |       ||     2
Armor: Robe              |    42 |    53 |   101 |       |       |       |       |       ||   196
       Leather armour    |       |       |    30 |    30 |       |       |       |       ||    60
       Troll leather arm |       |       |       |   133 |   314 |   784 |   739 |   181 ||  2151
       Skin              |       |       |       |     7 |       |       |       |       ||     7
Dodge: Dodged            |    65 |    46 |   181 |   200 |   316 |   795 |   442 |   176 ||  2221
Block: Other             |       |       |       |       |       |    40 |       |       ||    40

Table legend: (Time is in decaauts)
 A = Elapsed time spent in this place.
 B = Non-inter-level travel time spent in this place.
 C = Inter-level travel time spent in this place.
 D = Time resting spent in this place.
 E = Time spent auto-exploring this place.
 F = Levels seen in this place.
 G = Mean time per level.
                   A        B        C        D        E       F      G
               +--------+--------+--------+--------+--------+-----+--------+
         Total |  57409 |  54156 |   3253 |  10615 |  33742 |  45 | 1275.8 |
       Dungeon |  21509 |  20307 |   1202 |   3476 |  13620 |  15 | 1433.9 |
        Temple |     63 |     52 |     11 |      0 |     43 |   1 |   63.0 |
          Lair |   8133 |   7525 |    608 |   1369 |   5002 |   6 | 1355.5 |
         Swamp |   4303 |   4108 |    195 |    804 |   2558 |   4 | 1075.8 |
   Spider Nest |   4488 |   4180 |    308 |    940 |   2405 |   4 | 1122.0 |
  Orcish Mines |   1847 |   1719 |    128 |    269 |   1004 |   2 |  923.5 |
   Elven Halls |   5910 |   5729 |    181 |   1355 |   3281 |   3 | 1970.0 |
        Vaults |   7661 |   7044 |    617 |    915 |   4777 |   5 | 1532.2 |
         Abyss |    102 |    102 |      0 |      0 |     48 |   1 |  102.0 |
       Ossuary |    417 |    417 |      0 |     14 |    220 |   1 |  417.0 |
      Ice Cave |   1523 |   1523 |      0 |    677 |    542 |   1 | 1523.0 |
       Volcano |    800 |    800 |      0 |    509 |    103 |   1 |  800.0 |
      Gauntlet |    648 |    648 |      0 |    286 |    137 |   1 |  648.0 |
               +--------+--------+--------+--------+--------+-----+--------+

Top non-repeatable levels by time:
    D:13: 2746 daAuts
Vaults:3: 2289 daAuts
Vaults:1: 2139 daAuts
   Elf:1: 2095 daAuts
   Elf:3: 1995 daAuts
     D:9: 1963 daAuts
  Lair:6: 1910 daAuts
  Lair:4: 1883 daAuts
   Elf:2: 1819 daAuts
Spider:3: 1686 daAuts
     D:8: 1612 daAuts
Vaults:2: 1601 daAuts
Vaults:4: 1599 daAuts
    D:14: 1570 daAuts
   IceCv: 1523 daAuts
